 Dungeon Crawl Stone Soup version 0.32-a0-558-g233958a4c4 (webtiles) character file.

Game seed: 6864945350271862541

29878 seren the Carver (level 13, 0/101 HPs)
             Began as a Coglin Gladiator on Mar 1, 2024.
             Was an Initiate of Gozag.
             Killed from afar by a rime drake (15 damage)
             ... with an icy flash freeze
             ... on level 1 of the Lair of Beasts.
             The game lasted 00:40:58 (15963 turns).

seren the Carver (Coglin Gladiator)                Turns: 15963, Time: 00:40:59

Health: 0/101      AC: 11    Str: 18    XL:     13   Next: 48%
Magic:  4/4        EV: 17    Int:  8    God:    Gozag
Gold:   1302       SH:  0    Dex: 20    Spells: 12/12 levels left

rFire   . . .        F - +7 double sword of Peopiu Rubry {flame, rC+ Str-3 Dex+3}
rCold   + + .        L - +8 long sword "Puevin" {antimagic, rC+ SInv Stlth+}
rNeg    . . .        G - +2 leather armour "Uvusher" {+Inv Str+3}
rPois   .            Q - +1 helmet
rElec   .            u - +0 cloak
rCorr   .            (no gloves)
SInv    +            m - +0 pair of boots
Will    .....        (amulet unavailable)
Stlth   ++           (ring unavailable)
HPRegen 0.36/turn    (ring unavailable)
MPRegen 0.09/turn    (no gizmo)

%: no passive effects
@: revving
A: off-hand wielding, slow wielding, warmup strikes, no jewelry
a: Invent Gizmo, Renounce Religion, Evoke Invisibility, Potion Petition, Call
Merchant, Bribe Branch


You were on level 1 of the Lair of Beasts.
You worshipped Gozag.
Gozag was most pleased with you.
You visited 3 branches of the dungeon, and saw 16 of its levels.
You also visited: Sewer.

You collected 3113 gold pieces.
You spent 1704 gold pieces at shops.
You paid 107 gold pieces to Gozag.

Inventory:

Hand Weapons
 a - a +0 great sword of holy wrath
 B - a +1 dagger of protection {Myungok}
 F - the +7 double sword of Peopiu Rubry (weapon) {flame, rC+ Str-3 Dex+3}
   (You acquired it on level 8 of the Dungeon)

   Str-3:     It affects your strength (-3).
   Dex+3:     It affects your dexterity (+3).
   rC+:       It protects you from cold.
 L - the +8 long sword "Puevin" (offhand) {antimagic, rC+ SInv Stlth+}
   (You bought it in a shop on level 9 of the Dungeon)

   rC+:       It protects you from cold.
   SInv:      It lets you see invisible.
   Stlth+:    It makes you more stealthy.
 N - the +4 dagger "Miha" {venom, Dex+2}
   (You bought it in a shop on level 9 of the Dungeon)

   Dex+2:     It affects your dexterity (+2).
Missiles
 b - 56 poisoned darts (quivered)
 d - 4 throwing nets {!f}
 e - a javelin
 z - 3 curare-tipped darts
Armour
 m - a +0 pair of boots (worn)
 u - a +0 cloak (worn)
 w - the +7 plate armour of the Burning God {rC- Will+++ Int-4 SInv}
   (You found it on level 4 of the Dungeon)

   Int-4:     It affects your intelligence (-4).
   rC-:       It makes you vulnerable to cold.
   Will+++:   It greatly increases your willpower.
   SInv:      It lets you see invisible.
 G - the +2 leather armour "Uvusher" (worn) {+Inv Str+3}
   (You found it on level 6 of the Dungeon)

   Str+3:     It affects your strength (+3).
   +Inv:      It lets you turn invisible.
 Q - a +1 helmet (worn)
Wands
 c - a wand of charming (13)
 h - a wand of digging (13)
 k - a wand of iceblast (7)
 s - a wand of quicksilver (4)
 x - a wand of flame (6)
Scrolls
 f - 10 scrolls of teleportation {!r}
 l - 2 scrolls of enchant armour
 n - a scroll of torment
 o - 2 scrolls of immolation
 r - 2 scrolls of brand weapon
 t - 2 scrolls of blinking {!r}
 y - 2 scrolls of butterflies
 A - 3 scrolls of fear
 H - 2 scrolls of fog
 I - a scroll of vulnerability
 J - 2 scrolls of enchant weapon
 P - 2 scrolls of poison
 R - a scroll of revelation {unknown}
Potions
 g - a potion of enlightenment
 i - a potion of mutation {!q}
 j - 5 potions of curing
 p - 3 potions of might
 q - a potion of heal wounds
 v - a potion of haste
 C - 3 potions of brilliance
 D - 2 potions of ambrosia
 E - a potion of lignification
 K - 2 potions of degeneration
 M - a potion of attraction


   Skills:
 + Level 9.0 Fighting
 * Level 14.2 Long Blades
 - Level 6.0 Throwing
 + Level 7.5 Armour
 + Level 8.3 Dodging
 - Level 10.0 Evocations


You had 12 spell levels left.
You didn't know any spells.
Your spell library contained the following spells:

 Spells                   Type           Power      Damage    Failure   Level
 Freeze                   Ice            0%         1d3       45%         1
 Kiss of Death            Conj/Necr      0%         2d5       45%         1
 Magic Dart               Conj           0%         1d3       45%         1
 Sting                    Conj/Alch      0%         1d3       45%         1
 Blink                    Tloc           0%         N/A       58%         2
 Call Imp                 Summ           0%         N/A       58%         2
 Mercury Vapours          Alch/Air       0%         N/A       58%         2
 Call Canine Familiar     Summ           0%         N/A       83%         3
 Confusing Touch          Hex            0%         N/A       83%         3
 Frozen Ramparts          Ice            0%         1d1       83%         3
 Hailstorm                Conj/Ice       0%         3d5       83%         3
 Inner Flame              Hex/Fire       0%         N/A       83%         3
 Sigil of Binding         Hex            0%         N/A       83%         3
 Anguish                  Hex/Necr       0%         N/A       99%         4
 Animate Armour           Summ/Erth      0%         N/A       99%         4
 Cause Fear               Hex            0%         N/A       99%         4
 Dimensional Bullseye     Hex/Tloc       0%         N/A       99%         4
 Dispel Undead            Necr           0%         3d6       99%         4
 Flame Wave               Conj/Fire      0%         2d4       99%         4
 Olgreb's Toxic Radiance  Alch           0%         N/A       99%         4
 Sticky Flame             Fire/Alch      0%         2d4       99%         4
 Summon Lightning Spire   Summ/Air       0%         N/A       99%         4
 Lee's Rapid Deconstruct  Erth           0%         3d4*      100%        5
 Enfeeble                 Hex            0%         N/A       100%        7
 Chain Lightning          Conj/Air       0%         N/A       100%        9
 Fire Storm               Conj/Fire      0%         5d1       100%        9
 Shatter                  Erth           0%         3d5*      100%        9


Dungeon Overview and Level Annotations

Branches:
Dungeon (13/15)            Temple (1/1) D:5            Lair (2/5) D:11
    Orc (0/2) D:10          Sewer (visited)
  Swamp: Lair:2-3    Shoals: Lair:2-3     Snake: Lair:2-3    Spider: Lair:2-3
 Vaults: D:13-14

Altars:
Ashenzari
Cheibriados
Dithmenos
Elyvilon
Fedhas
Gozag
Hepliaklqana
Kikubaaqudgha
Makhleb
Nemelex Xobeh
Okawaru
Qazlal
Ru
Sif Muna
Trog
Uskayaw
Vehumet
Wu Jian
Xom
Yredelemnul
Zin
The Shining One

Shops:
D:9 (   D:10 ?==*=

Annotations:
D:10 Snorg
D:13 Urug


Innate Abilities, Weirdness & Mutations

You can wield a second weapon in your off-hand.
It takes a long time for you to wield or remove held weapons.
Your first few attacks do less damage.
You cannot equip rings or amulets.


Message History

The yak bellows!
You slash the elephant with the +7 double sword of Peopiu Rubry!
You burn the elephant.
The elephant is almost dead.
You slice the elephant with the +8 long sword "Puevin"!!
You kill the elephant!
You hear a loud, deep croak!
The water moccasin is distracted by your dazzling golden aura.
The rime drake bites you.
* * * LOW HITPOINT WARNING * * *
Your Fighting skill increases to level 9!
The ice encasing you melts away.
The water moccasin is no longer distracted by gold.
The water moccasin bites you but does no damage.
The cane toad stings you.
* * * LOW HITPOINT WARNING * * *
You are poisoned.
The cane toad poisons you!
The rime drake attacks as it pursues you!
The rime drake closely misses you. The water moccasin misses you.
The cane toad stings you but does no damage.
The yak is distracted by your dazzling golden aura.
There is a stone staircase leading up, spattered with blood here.
You see here 61 gold pieces.
You feel very sick. The water moccasin closely misses you.
The rime drake bites you but does no damage.
The cane toad stings you!
* * * LOW HITPOINT WARNING * * *
The rime drake bites you but does no damage.
You climb upwards.
You feel very sick.
There is a stone staircase leading down here.
You feel better. The cane toad stings you!
* * * LOW HITPOINT WARNING * * *
The water moccasin misses you. The rime drake breathes ice at you.
The icy flash freeze hits you! You partially resist.
You die...
Your body crumbles into a pile of gold.

...## ##...## ##...........#
....# #...## #............#
....######## ##............#
......##### #............##
..........#####............#
.....##....................#
......###..................#
...[..# ##......k.........##
......# ###....@.........#
.#....# #....FS.........#
..##### ##..............#
..## ##..............##
...## #P..###.........#
#...# ##..# ###.......##
#...######...## ##......P#
......'.###...####.......##
.....ß......####.......###


You could see a cane toad, a rime drake (catching breath) and a water moccasin.

Vanquished Creatures
  A hydra (Lair:1)
  2 two-headed ogres (D:9)
  Amaemon (D:11)
  A deep elf pyromancer (D:12)
  2 cyclopes
  An ugly thing (D:12)
  3 elephants (Lair:2)
  An orange demon (D:11)
  2 gargoyles (D:12)
  3 cane toads (Lair:1)
  2 unseen horrors (D:11)
  A kobold demonologist (D:12)
  A troll (D:11)
  3 polar bears
  A hornet (D:10)
  3 blink frogs (Lair:1)
  4 slime creatures (D:12)
  2 shadows (D:12)
  3 wyverns
  2 wraiths
  Grum (D:10)
  24 yaks
  A basilisk (Lair:1)
  A steam dragon (D:7)
  12 vampire mosquitoes
  4 water moccasins
  3 acid dragons
  Pargi (Sewer)
  A sky beast (D:7)
  5 ice beasts
  2 black bears
  4 orc warriors
  2 ogres
  7 wolves
  6 centaurs
  2 phantoms (D:5)
  9 kobold brigands
  2 brain worms (Sewer)
  7 bullfrogs
  2 scorpions (D:6)
  5 wights (D:10)
  6 electric eels
  3 howler monkeys
  7 hounds
  7 orc priests
  2 jellies (D:6)
  2 gnoll boudas
  An iguana (D:5)
  8 orc wizards
  A centaur simulacrum (D:8)
  10 gnolls
  9 adders
  A shadow imp (D:7)
  6 white imps
  2 ufetubi (D:8)
  2 dart slugs (D:3)
  35 orcs
  5 bats
  2 endoplasms
  2 giant cockroaches (Sewer)
  9 goblins
  11 hobgoblins
  6 quokkas
  8 ball pythons
  5 frilled lizards
  30 kobolds
  10 rats
330 creatures vanquished.

Notes
Turn   | Place    | Note
-------+----------+-------------------------------------------
     0 | D:1      | seren the Coglin Gladiator began the quest for the Orb.
     0 | D:1      | Reached XP level 1. HP: 16/16 MP: 1/1
   336 | D:1      | Reached XP level 2. HP: 16/22 MP: 2/2
   870 | D:1      | Found a bloodstained altar of Trog.
  1094 | D:2      | Reached XP level 3. HP: 28/28 MP: 3/3
  1225 | D:2      | Found a faded altar of an unknown god.
  2011 | D:3      | Reached XP level 4. HP: 29/34 MP: 4/4
  2254 | D:3      | Reached XP level 5. HP: 39/41 MP: 5/5
  2570 | D:3      | Found a snail-covered altar of Cheibriados.
  2579 | D:3      | Reached skill level 1 in Evocations
  2665 | D:4      | Identified the +7 plate armour of the Burning God {rC-
                  | Will+++ Int-4 SInv}
  2689 | D:4      | Noticed a centaur
  2808 | D:4      | Killed a centaur
  2809 | D:4      | Reached skill level 4 in Long Blades
  2809 | D:4      | Reached XP level 6. HP: 23/47 MP: 6/6
  2830 | D:4      | Found a glowing drain.
  2840 | Sewer    | Entered a sewer
  2930 | Sewer    | Reached skill level 1 in Armour
  3006 | Sewer    | Noticed Pargi
  3024 | Sewer    | Killed Pargi
  3155 | Sewer    | Reached XP level 7. HP: 40/52 MP: 5/7
  3521 | D:4      | Found a burning altar of Makhleb.
  3708 | D:5      | Entered Level 5 of the Dungeon
  3802 | D:5      | Found a stormy altar of Qazlal.
  3816 | D:5      | Found a hide-covered altar of Uskayaw.
  3918 | D:5      | Reached XP level 8. HP: 47/60 MP: 8/8
  3967 | D:5      | Reached skill level 5 in Evocations
  4027 | D:5      | Found a hazy altar of Hepliaklqana.
  4027 | D:5      | Found a glowing silver altar of Zin.
  4035 | D:5      | Found a white marble altar of Elyvilon.
  4056 | D:5      | Found a blossoming altar of Fedhas.
  4244 | D:5      | Found a broken altar of Ashenzari.
  4387 | D:5      | Found a staircase to the Ecumenical Temple.
  4394 | Temple   | Entered the Ecumenical Temple
  4399 | Temple   | Became a worshipper of Gozag Ym Sagoz the Greedy
  4623 | D:6      | Reached skill level 5 in Long Blades
  4894 | D:6      | Found a glowing golden altar of the Shining One.
  5076 | D:6      | Identified the +1 buckler of Jumiywava {Fly}
  5252 | D:6      | Identified the +2 leather armour "Uvusher" {+Inv Str+3}
  5894 | D:6      | Reached skill level 5 in Dodging
  6109 | D:7      | Reached XP level 9. HP: 67/67 MP: 9/9
  6149 | D:7      | Reached skill level 5 in Fighting
  6281 | D:7      | Found a shadowy altar of Dithmenos.
  7218 | D:6      | Reached skill level 6 in Long Blades
  7218 | D:6      | Reached skill level 5 in Throwing
  7746 | D:7      | Found a sacrificial altar of Ru.
  8012 | D:8      | Noticed a polar bear
  8193 | D:8      | Found Xeysopor's Magic Scroll Shoppe.
  8205 | D:8      | Bought a scroll of fear for 64 gold pieces
  8205 | D:8      | Bought a scroll of teleportation for 48 gold pieces
  8205 | D:8      | Bought a scroll of butterflies for 64 gold pieces
  8205 | D:8      | Bought 3 scrolls of identify for 96 gold pieces
  8205 | D:8      | Bought a scroll of fog for 64 gold pieces
  8205 | D:8      | Bought a scroll of teleportation for 48 gold pieces
  8205 | D:8      | Bought a scroll of identify for 32 gold pieces
  8899 | D:8      | Killed a polar bear
  8900 | D:8      | Reached XP level 10. HP: 76/76 MP: 10/10
  9177 | D:8      | Reached skill level 7 in Long Blades
  9290 | D:8      | Identified a scroll of acquirement
  9291 | D:8      | Acquired the +7 double sword of Peopiu Rubry {flame, rC+
                  | Str-3 Dex+3}
  9646 | D:9      | Found an ancient bone altar of Kikubaaqudgha.
  9657 | D:9      | Noticed a two-headed ogre
  9666 | D:9      | Killed a two-headed ogre
  9825 | D:9      | Found a sparkling altar of Nemelex Xobeh.
 10329 | D:9      | Noticed a two-headed ogre
 10344 | D:9      | Reached skill level 5 in Armour
 10359 | D:9      | Killed a two-headed ogre
 10360 | D:9      | Reached skill level 8 in Long Blades
 10579 | D:9      | Found Kokkem's Antique Weapon Boutique.
 10588 | D:9      | Bought a shimmering long sword for 238 gold pieces
 10588 | D:9      | Identified the +8 long sword "Puevin" {antimagic, rC+ SInv
                  | Stlth+} (You bought it in a shop on level 9 of the Dungeon)
 10588 | D:9      | Bought an iridescent great sword for 322 gold pieces
 10588 | D:9      | Identified the +5 great sword "Zuisk" {freeze, rC+ Str-3
                  | Dex+7} (You bought it in a shop on level 9 of the Dungeon)
 10588 | D:9      | Bought an iridescent dagger for 196 gold pieces
 10588 | D:9      | Identified the +4 dagger "Miha" {venom, Dex+2} (You bought
                  | it in a shop on level 9 of the Dungeon)
 10607 | D:9      | Bought a runed great sword for 266 gold pieces
 10654 | D:10     | Entered Level 10 of the Dungeon
 10967 | D:10     | Reached XP level 11. HP: 84/84 MP: 3/11
 10987 | D:10     | Noticed Grum
 10990 | D:10     | Killed Grum
 11010 | D:10     | Noticed Snorg
 11145 | D:10     | Found Jameotza's Assorted Antiques.
 11293 | D:10     | Found Buppuehoyq's Jewellery Boutique.
 11546 | D:10     | Found a staircase to the Orcish Mines.
 11659 | D:10     | Reached skill level 9 in Long Blades
 11664 | D:10     | Found Foutyu Qorch's Jewellery Emporium.
 11699 | D:10     | Found Biodghatz's Jewellery Shop.
 11877 | D:10     | Paralysed by a hornet for 2 turns
 12117 | D:10     | Found Woufocleiqi's Magic Scroll Emporium.
 12126 | D:10     | Bought a scroll of poison for 56 gold pieces
 12126 | D:10     | Bought a scroll of identify for 28 gold pieces
 12126 | D:10     | Bought a scroll of identify for 28 gold pieces
 12126 | D:10     | Bought a scroll of fear for 56 gold pieces
 12126 | D:10     | Bought a scroll of teleportation for 42 gold pieces
 12127 | D:10     | Reached skill level 12 in Long Blades
 12127 | D:10     | Reached XP level 12. HP: 91/91 MP: 4/12
 12129 | D:10     | Bought a scroll of identify for 28 gold pieces
 12129 | D:10     | Bought a scroll of identify for 28 gold pieces
 12701 | D:11     | Found a staircase to the Lair.
 12824 | D:11     | Noticed Amaemon
 12843 | D:11     | Killed Amaemon
 13034 | D:11     | Reached skill level 13 in Long Blades
 14254 | D:12     | Reached XP level 13. HP: 98/98 MP: 4/13
 14592 | D:13     | Noticed Urug
 14675 | Lair:1   | Entered Level 1 of the Lair of Beasts
 14931 | Lair:1   | Identified the +6 plate armour "Dulixeps" {+Inv rF- Dex-5
                  | Slay+6}
 15383 | Lair:1   | Reached skill level 14 in Long Blades
 15392 | Lair:1   | Reached skill level 10 in Evocations
 15963 | Lair:1   | Killed from afar by a rime drake

Illustrated notes

Levels and vault maps discovered:
D:1:      dpeg_arrival_water_altar, layout_loops_corners
D:2:      cheibrodos_greedy_goblins, layout_basic,
          shapermc_ecumenical_altar_acropolis
D:3:      layout_basic, mainiacjoe_overflow_paths
D:4:      layout_rooms, bloody_makhleb, portal_sewer_entry_b
D:5:      layout_basic, lemuel_round_altar,
          mainiacjoe_overflow_concentric_impassable,
          mainiacjoe_overflow_24_doors, nicolae_overflow_macrodata_refinement,
          minmay_temple_entry_purple_smoke
D:6:      layout_gridville, marbit_many_paths, chequers_serial_rivers_large_b,
          nicolae_tricolors
D:7:      layout_basic, overflow_temple_1_default, hangedman_ru_absence
D:8:      layout_cave_pools, serial_ice, serial_ice_o, serial_ice_c,
          serial_ice_g, serial_ice_n, serial_ice_e, serial_ice_l, serial_ice_a,
          serial_shops, shop_coins, chequers_big_river, serial_bayou_lake_a
D:9:      layout_roguey, general_overflow_altar, nemelex_diamond_rough_becter,
          serial_shops, nicolae_lakefront_shop, nicolae_fountain_basement
D:10:     layout_irregular_city, hiddenorc1_lemuel, serial_shops,
          nicolae_shop_pleasant_corner_grove, shop, shop, shop, shop,
          uniq_snorg, uniq_grum
D:11:     layout_loops_corners, erik_lair_island, uniq_amaemon
D:12:     layout_roguey
D:13:     layout_basic, uniq_urug, uniq_lodul
Temple:   hellmonk_temple_micro_hex
Lair:1:   layout_cave_pods, lemuel_fruit_tree, grunt_megastairs_5
Lair:2:   layout_hall_layers, spider_nest_entry_a, uniq_harold

Skill      XL: |  1  2  3  4  5  6  7  8  9 10 11 12 13 |
---------------+----------------------------------------+-----
Throwing       | 2 3 4 5 6 |  6.0
Dodging        | 3 4 5 6 7 8 |  8.3
Fighting       | 3 4 6 7 8 9 |  9.0
Evocations     | 2 3 4 6 7 8 9 10 | 10.0
Long Blades    | 4 5 6 8 12 13 14 | 14.2
Armour         | 1 2 3 4 5 6 7 |  7.5

Action                     |  1- 3 |  4- 6 |  7- 9 | 10-12 | 13-15 || total
---------------------------+-------+-------+-------+-------+-------++-------
  Melee: Long sword        |   127 |   117 |   396 |   190 |    87 ||   917
         Dagger            |    75 |   105 |   377 |    76 |       ||   633
         Double sword      |       |       |       |   198 |    98 ||   296
  Throw: Throwing net      |       |     4 |       |     1 |       ||     5
         Dart              |       |       |       |     5 |       ||     5
  Evoke: Wand              |       |       |     3 |     7 |     6 ||    16
    Use: Scroll            |       |     1 |    10 |    10 |       ||    21
         Potion            |       |     1 |     3 |     2 |     1 ||     7
   Stab: Distracted        |     1 |       |     1 |     4 |     2 ||     8
         Held in net/web   |       |     1 |       |     2 |       ||     3
         Sleeping          |       |     1 |     1 |     3 |       ||     5
 Armour: Leather armour    |    75 |   101 |   326 |   136 |    52 ||   690
  Dodge: Dodged            |    99 |    96 |   333 |   169 |    68 ||   765

Table legend: (Time is in decaauts)
 A = Elapsed time spent in this place.
 B = Non-inter-level travel time spent in this place.
 C = Inter-level travel time spent in this place.
 D = Time resting spent in this place.
 E = Time spent auto-exploring this place.
 F = Levels seen in this place.
 G = Mean time per level.
                   A        B        C        D        E       F      G
               +--------+--------+--------+--------+--------+-----+--------+
         Total |  16036 |  15239 |    797 |   2446 |   8541 |  17 |  943.3 |
       Dungeon |  14387 |  13632 |    755 |   2215 |   7666 |  13 | 1106.7 |
        Temple |     10 |     10 |      0 |      0 |      0 |   1 |   10.0 |
          Lair |   1268 |   1226 |     42 |     61 |    801 |   2 |  634.0 |
         Sewer |    370 |    370 |      0 |    170 |     74 |   1 |  370.0 |
               +--------+--------+--------+--------+--------+-----+--------+

Top non-repeatable levels by time:
     D:6: 1843 daAuts
     D:7: 1781 daAuts
     D:8: 1648 daAuts
    D:10: 1453 daAuts
  Lair:1: 1253 daAuts
     D:9: 1228 daAuts
    D:11: 1182 daAuts
    D:12: 1036 daAuts
     D:2: 949 daAuts
     D:1: 912 daAuts
     D:3: 821 daAuts
     D:4: 798 daAuts
     D:5: 682 daAuts
   Sewer: 370 daAuts
    D:13: 50 daAuts
